 Dungeon Crawl Stone Soup version 0.27-a0-1595-g0b823d0a13 (webtiles) character file.

Game seed: 15392506619604183457

418 mandarbmax the Cutter (level 6, 0/32 HPs)
             Began as a Vine Stalker Fighter on July 21, 2021.
             Succumbed to a scorpion's poison
             ... on level 4 of the Dungeon.
             The game lasted 00:04:14 (2935 turns).

mandarbmax the Cutter (Vine Stalker Fighter)        Turns: 2935, Time: 00:04:14

Health: 0/32       AC: 10    Str: 21    XL:     6   Next: 93%
Magic:  7/7        EV:  2    Int:  8    God:
Gold:   136        SH:  9    Dex: 15    Spells: 5/5 levels left

rFire    . . .     SeeInvis .   a - +0 rapier
rCold    . . .     Faith    .   c - +0 kite shield
rNeg     . . .     Spirit   +   m - +0 chain mail
rPois    .         Reflect  .   h - +0 helmet
rElec    .         Harm     .   (no cloak)
rCorr    .         Rampage  .   (no gloves)
Will     .....                  (no boots)
Stlth    ..........             (no amulet)
HPRegen  1.10/turn              (no ring)
MPRegen  0.10/turn              (no ring)

@: brilliant, lethally poisoned (0 -> -5), hasted, constricted, very quick
A: fangs 2, regeneration 1, magic shield, antimagic bite, no potion heal 2,
agile 1, high mp 1, screaming 1
a: no special abilities


You were on level 4 of the Dungeon.
You visited 1 branch of the dungeon, and saw 4 of its levels.

You collected 136 gold pieces.

Inventory:

Hand Weapons
 a - a +0 rapier (weapon)
Missiles
 l - 21 poisoned darts (quivered)
Armour
 b - a +0 scale mail
 c - a +0 kite shield (worn)
 h - a +0 helmet (worn)
 m - a +0 chain mail (worn)
Scrolls
 e - 2 scrolls of magic mapping {unknown}
 g - a scroll of blinking {unknown}
 k - a scroll of teleportation {unknown}
 n - a scroll of vulnerability {unknown}


   Skills:
 + Level 3.0 Fighting
 - Level 6.0 Short Blades
 - Level 3.0 Armour
 - Level 3.0 Shields


You had 5 spell levels left.
You didn't know any spells.
Your spell library was empty.

Dungeon Overview and Level Annotations

Branches:
Dungeon (4/15)
 Temple: D:4-7

Altars:
Elyvilon
Wu Jian


Innate Abilities, Weirdness & Mutations

You have extremely sharp teeth.
Your natural rate of healing is unusually fast.
When hurt, damage is shared between your health and your magic reserves.
Your bite disrupts and absorbs the magic of your enemies.
Potions cannot restore your health.
You are agile. (Dex +2)
You have an increased reservoir of magic. (+10% MP)
You occasionally shout uncontrollably at your foes.


Message History

The scorpion is heavily wounded.
The scorpion stings you!
You are poisoned.
The scorpion poisons you!
You barely miss the scorpion.
The scorpion is moderately wounded.
You feel very sick.
The scorpion stings you but does no damage.
You completely miss the scorpion. Your bite misses the scorpion.
The scorpion is moderately wounded.
You feel sick. You block the scorpion's attack.
You hit the scorpion but do no damage.
The scorpion is moderately wounded.
You feel sick. The scorpion stings you.
You hit the scorpion.
The scorpion is heavily wounded.
You feel sick. The scorpion barely misses you.
It was a potion of brilliance.
You feel clever all of a sudden.
You feel sick. The scorpion stings you.
* * * LOW HITPOINT WARNING * * *
You are more poisoned.
The scorpion poisons you!
Unknown command.
It was a potion of mutation.
You feel extremely strange.
You feel agile.
You feel the urge to shout.
You feel more energetic.
* * * LOW HITPOINT WARNING * * *
You feel very sick.
The ball python bites you but does no damage.
The ball python grabs you. The ball python constricts you.
The scorpion stings you!
* * * LOW HITPOINT WARNING * * *
It was a potion of magic.
Magic courses through your body.
* * * LOW HITPOINT WARNING * * *
You feel sick.
The ball python bites you but does no damage.
The ball python constricts you.
You barely miss the scorpion. You bite the scorpion. You drain its power.
The scorpion is heavily wounded.
You die...

..# ..#
####.#
####....#
##.......#
........o#
.......Og#
####.###s#
og #@# #..
#S# #s #)#
. ..# #..#
...# ....#
....#
######


You could see an ogre, a scorpion, an orc, a goblin and a ball python.

Vanquished Creatures
  Sigmund (D:2)
  An ogre (D:3)
  A jelly (D:4)
  Terence (D:3)
  Robin (D:2)
  4 adders (D:2)
  A worm (D:2)
  A dart slug (D:1)
  3 orcs (D:4)
  7 endoplasms
  A giant cockroach (D:1)
  10 goblins (D:2)
  7 hobgoblins
  4 jackals (D:1)
  4 quokkas
  4 ball pythons
  7 bats
  3 frilled lizards
  5 kobolds
  4 rats
70 creatures vanquished.

Notes
Turn   | Place    | Note
-------+----------+-------------------------------------------
     0 | D:1      | mandarbmax the Vine Stalker Fighter began the quest for the
                  | Orb.
     0 | D:1      | Reached XP level 1. HP: 11/11 MP: 2/2
   133 | D:1      | Reached XP level 2. HP: 4/16 MP: 0/3
  1162 | D:2      | Reached XP level 3. HP: 20/20 MP: 4/4
  1168 | D:2      | Reached skill level 2 in Short Blades
  1304 | D:2      | Noticed Robin
  1324 | D:2      | Killed Robin
  1329 | D:2      | Gained mutation: Your natural rate of healing is unusually
                  | fast. [Vine Stalker growth]
  1329 | D:2      | Reached XP level 4. HP: 19/24 MP: 3/5
  1358 | D:2      | Reached skill level 3 in Short Blades
  1755 | D:2      | Noticed Sigmund
  1767 | D:2      | Killed Sigmund
  1768 | D:2      | Reached skill level 5 in Short Blades
  1768 | D:2      | Reached XP level 5. HP: 9/28 MP: 6/6
  1768 | D:2      | Reached XP level 6. HP: 11/32 MP: 7/7
  2432 | D:3      | Noticed Terence
  2447 | D:3      | Killed Terence
  2726 | D:3      | Found a white marble altar of Elyvilon.
  2731 | D:3      | Found an ornate altar of the Wu Jian Council.
  2923 | D:4      | Reached skill level 6 in Short Blades
  2933 | D:4      | Gained mutation: You are agile. (Dex +2) [potion of
                  | mutation]
  2933 | D:4      | Gained mutation: You occasionally shout uncontrollably at
                  | your foes. [potion of mutation]
  2933 | D:4      | Gained mutation: You have an increased reservoir of magic.
                  | (+10% MP) [potion of mutation]
  2935 | D:4      | Succumbed to a scorpion's poison

Illustrated notes

Levels and vault maps discovered:
D:1:      psy_arrival_radial02, layout_loops_ring
D:2:      layout_basic, serial_aquarium, aquarium_bridge_long_separate
          [aquarium_subvault_wall, aquarium_subvault_window,
          aquarium_subvault_bridge, aquarium_subvault_bridge,
          aquarium_subvault_window, aquarium_subvault_balcony],
          aquarium_window_corner, aquarium_window_1, aquarium_view_2b,
          aquarium_view_2a, aquarium_balcony_5a, aquarium_pool_S, uniq_robin,
          uniq_sigmund
D:3:      layout_basic, amethyst_overflow_temple_binary, kennysheep_flooded_box,
          grunt_ministairs_13, uniq_terence
D:4:      minmay_recursive_quarters, layout_basic, mainiacjoe_overflow_brackets,
          mainiacjoe_overflow_chevrons, serial_shops, shop

Skill      XL: |  1  2  3  4  5  6 |
---------------+-------------------+-----
Fighting       | 3 |  3.0
Armour         | 3 |  3.0
Short Blades   | 2 5 6 |  6.0
Shields        | 3 |  3.0

Action                   |  1- 3 |  4- 6 || total
-------------------------+-------+-------++-------
Melee: Rapier            |   108 |   119 ||   227
       Bite              |    18 |    39 ||    57
Throw: Dart              |       |     4 ||     4
  Use: Potion            |     1 |     5 ||     6
       Scroll            |       |     2 ||     2
Armor: Scale mail        |    65 |    30 ||    95
       Chain mail        |       |     6 ||     6
Dodge: Dodged            |    33 |    32 ||    65
Block: Kite shield       |    62 |    55 ||   117

Table legend: (Time is in decaauts)
 A = Elapsed time spent in this place.
 B = Non-inter-level travel time spent in this place.
 C = Inter-level travel time spent in this place.
 D = Time resting spent in this place.
 E = Time spent auto-exploring this place.
 F = Levels seen in this place.
 G = Mean time per level.
                   A        B        C        D        E       F      G
               +--------+--------+--------+--------+--------+-----+--------+
         Total |   2991 |   2891 |    100 |    299 |   2109 |   4 |  747.8 |
       Dungeon |   2991 |   2891 |    100 |    299 |   2109 |   4 |  747.8 |
               +--------+--------+--------+--------+--------+-----+--------+

Top non-repeatable levels by time:
     D:1: 1187 daAuts
     D:2: 923 daAuts
     D:3: 815 daAuts
     D:4: 65 daAuts
